 Dungeon Crawl Stone Soup version 0.21-a0-91-ga5031da (webtiles) character file.

3693 HAL9000 the Slicer (level 10, -2/49 HPs)
             Began as a Vine Stalker Assassin on June 30, 2017.
             Was a Believer of Dithmenos.
             Slain by a hornet (9 damage)
             ... while paralysed by a hornet
             ... on level 8 of the Dungeon.
             The game lasted 00:17:02 (7203 turns).

HAL9000 the Slicer (Vine Stalker Assassin)          Turns: 7203, Time: 00:17:03

Health: -2/49      AC:  7    Str: 15    XL:     10   Next: 13%
Magic:  0/11       EV:  2    Int: 12    God:    Dithmenos [**....]
Gold:   310        SH:  0    Dex: 17    Spells: 9/9 levels left

rFire    + . .     SeeInvis .   a - +2 dagger (elec)
rCold    . . .     Gourm    .   (no shield)
rNeg     . . .     Faith    .   P - +2 robe {rF+}
rPois    .         Spirit   +   (no helmet)
rElec    .         Reflect  .   q - +0 cloak
rCorr    .         Harm     .   Z - +0 pair of gloves
MR       ++...                  w - +0 pair of boots
Stlth    +++++.....             (no amulet)
HPRegen  0.56/turn              i - +6 ring of evasion
MPRegen  0.12/turn              H - ring of protection from magic

@: paralysed, lethally poisoned (-2 -> -8), slowed, wreathed by umbra, drained
A: fangs 3, regeneration 1, magic shield, antimagic bite, no potion heal 3, rot
immunity
a: Shadow Step, Renounce Religion


You were on level 8 of the Dungeon.
You worshipped Dithmenos.
Dithmenos was pleased with you.
You were not hungry.

You visited 2 branches of the dungeon, and saw 9 of its levels.
You also visited: Ossuary.

You collected 400 gold pieces.
You spent 90 gold pieces at shops.

Inventory:

Hand Weapons
 a - a +2 dagger of electrocution (weapon)
 b - a +0 blowgun
Missiles
 e - 8 poisoned needles
 O - 2 throwing nets (quivered)
 R - 5 needles of paralysis
Armour
 q - a +0 cloak (worn)
 w - a +0 pair of boots (worn)
 P - a +2 robe of fire resistance (worn)
 Z - a +0 pair of gloves (worn)
Jewellery
 i - a +6 ring of evasion (left hand)
 m - a +3 ring of intelligence
 H - a ring of protection from magic (right hand)
Wands
 E - a wand of polymorph (13/24)
Scrolls
 h - a scroll of remove curse
 j - 4 scrolls of teleportation
 o - a scroll of magic mapping {unknown}
 y - a scroll of enchant weapon {unknown}
 G - 2 scrolls of recharging {unknown}
 L - a scroll of torment {unknown}
 M - a scroll of noise {unknown}
 Q - 2 scrolls of random uselessness {unknown}
 T - 2 scrolls of fog {unknown}
 U - 3 scrolls of identify
 V - a scroll of amnesia {unknown}
 Y - a scroll of immolation {unknown}
Potions
 l - a potion of degeneration {unknown}
 n - 2 potions of haste {unknown}
 r - 3 potions of might
 t - 2 potions of flight
 x - a potion of mutation {unknown}
 z - a potion of curing {unknown}
 A - 3 potions of lignification {unknown}
 C - a potion of ambrosia {unknown}
 D - 3 potions of resistance {unknown}
 K - a potion of brilliance {unknown}
 N - 3 potions of agility {unknown}
 W - a potion of heal wounds {unknown}
Comestibles
 g - 8 bread rations
 u - 5 meat rations
 J - 2 chunks of flesh
 S - a fruit
 X - 2 royal jellies


   Skills:
 + Level 3.6(3.3) Fighting
 - Level 12.0(11.7) Short Blades
 - Level 1.7(1.5) Throwing
 - Level 0.7(0.4) Dodging
 + Level 6.8(6.6) Stealth


You had 9 spell levels left.
You didn't know any spells.

Dungeon Overview and Level Annotations

Branches:
Dungeon (8/15)             Temple (1/1) D:5
   Lair: D:8-11

Altars:
Ashenzari
Cheibriados
Dithmenos
Elyvilon
Fedhas
Gozag
Hepliaklqana
Kikubaaqudgha
Makhleb
Nemelex Xobeh
Okawaru
Qazlal
Ru
Sif Muna
Trog
Uskayaw
Vehumet
Wu Jian
Xom
Yredelemnul
Zin
The Shining One

Shops:
D:7 *

Annotations:
D:8 2 runed doors, Joseph


Innate Abilities, Weirdness & Mutations

You have razor-sharp teeth.
Your natural rate of healing is unusually fast.
When hurt, damage is shared between your health and your magic reserves.
Your bite disrupts and absorbs the magic of your enemies.
Potions cannot restore your health.
You are immune to rotting.


Message History

The centaur warrior is heavily wounded.
Your surroundings suddenly seem different.
Found 21 arrows and a fizzy puce potion.
A bullfrog and a hornet come into view.
You barely miss the hornet. Your bite misses the hornet.
The hornet closely misses you.
You hit the hornet. Your bite misses the hornet.
The hornet is lightly wounded.
The hornet stings you.
You are poisoned.
You suddenly lose the ability to move!
You feel sick.
The bullfrog croaks.
The hornet stings you!
* * * LOW HITPOINT WARNING * * *
You are more poisoned.
You feel yourself slow down.
* * * LOW HITPOINT WARNING * * *
You feel sick. The hornet stings you!
You die...

#
#############
#...........#
#.......(...#
#...........#
#.....@.....#
#....Fy.....#
#####
#...........#
.....
.............#
##.....
.............#
.......
.............#
.......
...........!.#
...#
##...........#
...#


You could see a hornet and a bullfrog.

Vanquished Creatures
  Prince Ribbit (D:5)
  2 hippogriffs (D:7)
  Sigmund (D:3)
  A wraith (D:8)
  A wyvern (D:7)
  2 hornet zombies (D:7)
  2 orc warriors (D:7)
  2 sky beasts
  An ice beast (D:7)
  A phantom (D:4)
  A black bear (D:7)
  5 ogres
  2 centaurs (D:7)
  A bullfrog (D:6)
  An elf zombie (Ossuary)
  A howler monkey (D:5)
  2 crimson imps (D:7)
  A bullfrog zombie (D:5)
  A centaur zombie (Ossuary)
  A human zombie (Ossuary)
  2 jellies
  2 hounds (D:3)
  An orc priest (D:5)
  A centaur skeleton (D:5)
  10 orc wizards
  2 iguanas
  Terence (D:3)
  3 worker ants
  A big kobold zombie (Ossuary)
  A hound zombie (Ossuary)
  A hound skeleton (D:5)
  3 mummies (Ossuary)
  A gnoll (D:3)
  4 adders
  A shadow imp (D:7)
  2 oozes
  5 adder zombies
  5 adder skeletons
  5 worms
  6 dart slugs
  6 leopard geckos
  31 orcs
  12 giant cockroaches
  A gnoll zombie (Ossuary)
  7 goblins
  9 hobgoblins
  13 jackals
  4 quokkas
  3 ball pythons
  A ball python skeleton (D:4)
  3 bats
  8 frilled lizards
  3 goblin zombies (Ossuary)
  2 hobgoblin zombies (Ossuary)
  6 jackal zombies (Ossuary)
  3 kobolds (D:2)
  4 kobold zombies (Ossuary)
  A leopard gecko skeleton (D:4)
  An orc zombie (Ossuary)
  5 quokka zombies (Ossuary)
  6 rats
  5 rat zombies (Ossuary)
221 creatures vanquished.

Notes
Turn   | Place    | Note
-------+----------+-------------------------------------------
     0 | D:1      | HAL9000 the Vine Stalker Assassin began the quest for the Orb.
     0 | D:1      | Reached XP level 1. HP: 11/11 MP: 2/2
    50 | D:1      | Reached skill level 2 in Short Blades
   261 | D:1      | Reached XP level 2. HP: 13/15 MP: 3/3
   773 | D:1      | Reached skill level 3 in Short Blades
   822 | D:1      | Reached XP level 3. HP: 18/18 MP: 4/4
  1587 | D:2      | Found an opulent altar of Gozag.
  1644 | D:2      | Gained mutation: Your natural rate of healing is unusually fast. [Vine Stalker growth]
  1644 | D:2      | Reached XP level 4. HP: 22/23 MP: 5/5
  1891 | D:2      | Reached skill level 4 in Short Blades
  2078 | D:3      | Noticed Terence
  2088 | D:3      | Killed Terence
  2286 | D:3      | Reached XP level 5. HP: 25/26 MP: 6/6
  2297 | D:3      | Reached skill level 5 in Short Blades
  2481 | D:3      | Noticed Sigmund
  2488 | D:3      | Killed Sigmund
  2488 | D:3      | Reached skill level 6 in Short Blades
  2488 | D:3      | Reached XP level 6. HP: 30/30 MP: 7/7
  3273 | D:4      | Reached XP level 7. HP: 28/34 MP: 6/8
  3466 | D:4      | Reached skill level 7 in Short Blades
  3659 | D:4      | Reached skill level 8 in Short Blades
  3689 | D:4      | Found a stormy altar of Qazlal.
  3915 | D:5      | Entered Level 5 of the Dungeon
  3996 | D:5      | Noticed Prince Ribbit
  4059 | D:5      | Gained mutation: You have razor-sharp teeth. [Vine Stalker growth]
  4059 | D:5      | Reached XP level 8. HP: 13/38 MP: 4/9
  4220 | D:5      | Found an ornate altar of the Wu Jian Council.
  4440 | D:5      | Killed Prince Ribbit
  4440 | D:5      | Reached skill level 9 in Short Blades
  4673 | D:5      | Found a staircase to the Ecumenical Temple.
  4684 | Temple   | Entered the Ecumenical Temple
  4985 | Temple   | Became a worshipper of Dithmenos the Shadowed
  5158 | D:6      | Found a sand-covered staircase.
  5166 | Ossuary  | Entered an ossuary
  5205 | Ossuary  | Reached * piety under Dithmenos
  5245 | Ossuary  | Reached skill level 10 in Short Blades
  5372 | Ossuary  | Reached XP level 9. HP: 42/42 MP: 10/10
  5697 | D:6      | Reached ** piety under Dithmenos
  6063 | D:7      | Reached skill level 11 in Short Blades
  6580 | D:7      | Reached skill level 12 in Short Blades
  6678 | D:7      | Reached skill level 5 in Stealth
  6819 | D:7      | Reached XP level 10. HP: 44/48 MP: 9/11
  6823 | D:7      | Found Foir's Assorted Antiques.
  6826 | D:7      | Bought a scroll of teleportation for 90 gold pieces
  7021 | D:8      | Noticed Joseph
  7180 | D:8      | Noticed a centaur warrior
  7184 | D:8      | Found a large runed door.
  7189 | D:8      | Found a large runed door.
  7201 | D:8      | Paralysed by a hornet for 2 turns
  7203 | D:8      | Slain by a hornet

Vault maps used:
D:1:      lightli_arrival_statue_moat
D:2:      grunt_gozag_statues
D:3:      cheibrodos_gnoll_hut, uniq_sigmund, uniq_terence
D:4:      kennysheep_mini_moat
D:5:      minmay_temple_entry_nine_rooms, first_bread, minmay_ruined_shrine,
          uniq_prince_ribbit1
D:6:      nicolae_ossuary_entry_false_entrances
D:7:      serial_shops, kennysheep_mini, grunt_ogre_cave
D:8:      jmf_multi_god_temple2, uniq_joseph
Temple:   regret_index_temple_sigil_plot
Ossuary:  minmay_ossuary_two_tombs

Skill      XL: |  1  2  3  4  5  6  7  8  9 10 |
---------------+-------------------------------+-----
Short Blades   | 2 3 4 6 8 10 12 | 12.0
Fighting       | 2 3 |  3.6
Stealth        | 5 6 |  6.8
Throwing       | |  1.7
Dodging        | |  0.7

Action                   |  1- 3 |  4- 6 |  7- 9 | 10-12 || total
-------------------------+-------+-------+-------+-------++-------
Melee: Dagger            |   101 |   175 |   374 |    38 ||   688
       Bite              |    33 |    60 |   131 |     3 ||   227
 Fire: Blowgun           |     2 |     1 |     9 |       ||    12
  Use: Scroll            |       |     1 |     6 |     1 ||     8
 Stab: Sleeping          |     7 |     5 |    18 |     3 ||    33
       Distracted        |       |       |     2 |     1 ||     3
  Eat: Chunk             |     2 |     5 |    12 |     1 ||    20
Armor: Robe              |    16 |    16 |    34 |     3 ||    69
Dodge: Dodged            |    71 |   129 |   193 |    16 ||   409
